General information
- name: BNet
- type: Ladder team game (AT/RT)
- host: Battle.net
- saver: Dead-sheppard.
map: Mur'gulOasis
- players: 8
- length: 42:01
- speed: Fast
- version: 1.26 W3XP
- replay type: Public
» download(214 KB)
Players
team 1 (loser)
dlwffl99 (
green | 21 APM | 896 actions | 41:57)
6 Paladin
2 Holy Light
2 Divine Shield
2 Devotion Aura
» actions
| Assign group hotkey | 21 | |
| Basic commands | 11 | |
| Build / train | 68 | |
| ESC pressed | 2 | |
| Enter build submenu | 24 | |
| Enter hero's abilities submenu | 6 | |
| Remove unit from queue | 3 | |
| Right click | 314 | |
| Select / deselect | 221 | |
| Select group hotkey | 139 | |
| Use ability | 86 | |
896 total
» units
| Peasant | 11 | |
| Footman | 12 | |
| Rifleman | 15 | |
38 total
» upgrades
| Defend | 1 | |
| Long Rifles | 2 | |
| Lumber Harvesting | 1 | |
| Gunpowder | 3 | |
| Armor | 3 | |
10 total
» buildings
| Altar of Kings | 1 | |
| Farm | 10 | |
| Lumber Mill | 1 | |
| Barracks | 4 | |
| Blacksmith | 1 | |
| Arcane Vault | 3 | |
| Keep | 1 | |
| Castle | 2 | |
| Town Hall | 3 | |
26 total
» build order
00:27 Altar of Kings
00:37 Farm
00:53 Lumber Mill
01:08 Barracks
01:16 Farm
01:54 Farm
02:15 Barracks
02:38 Farm
03:15 Farm
04:02 Farm
04:39 Blacksmith
06:24 Arcane Vault
07:56 Arcane Vault
09:07 Farm
09:26 Keep
13:39 Barracks
13:45 Barracks
14:00 Castle
14:41 Arcane Vault
14:46 Castle
20:17 Farm
20:19 Farm
21:13 Farm
25:06 Town Hall
27:30 Town Hall
32:40 Town Hall
» items
| Scroll of Regeneration | 2 | |
| Lesser Clarity Potion | 1 | |
| Potion of Healing | 1 | |
| Scroll of Town Portal | 1 | |
| Orb of Fire | 1 | |
| Potion of Lesser Invulnerability | 1 | |
7 total

»
JesusWasAFag (
teal | 59 APM | 2199 actions | 37:31)
5 Keeper of the Grove
2 Entangling Roots
3 Thorns Aura
4 Priestess of the Moon
1 Scout
2 Trueshot Aura
1 Searing Arrows
3 Warden
2 Fan of Knives
1 Blink
» actions
| Assign group hotkey | 22 | |
| Basic commands | 30 | |
| Build / train | 89 | |
| Enter build submenu | 16 | |
| Enter hero's abilities submenu | 14 | |
| Give item / drop item | 3 | |
| Right click | 585 | |
| Select / deselect | 339 | |
| Select group hotkey | 995 | |
| Use ability | 106 | |
2199 total
» units
| Wisp | 15 | |
| Archer | 18 | |
| Hippogryph | 7 | |
40 total
» upgrades
| Improved Bows | 1 | |
| Strength of the Moon | 3 | |
| Moon Armor | 3 | |
| Ultravision | 1 | |
| Marksmanship | 1 | |
| Well Spring | 1 | |
| Hippogryph Taming | 1 | |
| Vorpal Blades | 1 | |
12 total
» buildings
| Moon Well | 7 | |
| Altar of Elders | 1 | |
| Ancient of War | 2 | |
| Ancient of Wonders | 2 | |
| Tree of Ages | 1 | |
| Hunter's Hall | 1 | |
| Tree of Eternity | 1 | |
| Tree of Life | 2 | |
| Ancient of Wind | 2 | |
19 total
» build order
00:20 Moon Well
01:13 Altar of Elders
01:19 Moon Well
01:28 Ancient of War
02:06 Ancient of War
02:26 Moon Well
02:39 Ancient of Wonders
03:52 Moon Well
04:51 Tree of Ages
04:54 Hunter's Hall
06:50 Moon Well
08:51 Tree of Eternity
09:29 Ancient of Wonders
16:57 Tree of Life
17:32 Moon Well
17:32 Moon Well
18:56 Ancient of Wind
18:57 Ancient of Wind
20:50 Tree of Life
» items
| Potion of Healing | 5 | |
| Scroll of Town Portal | 5 | |
| Moonstone | 1 | |
| Scroll of Regeneration | 1 | |
| Potion of Lesser Invulnerability | 1 | |
| Scroll of Healing | 2 | |
15 total
Khanate (
yellow | 65 APM | 2732 actions | 41:57)
6 Blademaster
3 Wind Walk
2 Critical Strike
1 Bladestorm
» actions
| Assign group hotkey | 292 | |
| Basic commands | 277 | |
| Build / train | 82 | |
| Enter build submenu | 43 | |
| Enter hero's abilities submenu | 6 | |
| Give item / drop item | 7 | |
| Right click | 1007 | |
| Select / deselect | 388 | |
| Select group hotkey | 523 | |
| Use ability | 107 | |
2732 total
» units
» upgrades
| Berserker Strength | 1 | |
| Pillage | 1 | |
| Armor | 3 | |
| Ranged Weapons | 3 | |
| Reinforced Defenses | 1 | |
| Envenomed Spears | 1 | |
10 total
» buildings
| Orc Burrow | 7 | |
| Altar of Storms | 1 | |
| Barracks | 1 | |
| Voodoo Lounge | 1 | |
| Stronghold | 1 | |
| War Mill | 3 | |
| Beastiary | 6 | |
| Great Hall | 2 | |
| Watch Tower | 25 | |
| Fortress | 1 | |
48 total
» build order
00:31 Orc Burrow
00:38 Altar of Storms
00:41 Barracks
01:18 Orc Burrow
01:58 Voodoo Lounge
03:26 Stronghold
04:22 War Mill
04:26 Orc Burrow
06:00 Beastiary
06:03 Beastiary
07:33 Orc Burrow
11:10 Great Hall
11:16 Watch Tower
11:16 Watch Tower
11:17 Watch Tower
11:18 Watch Tower
11:20 Watch Tower
11:20 Watch Tower
11:20 Watch Tower
11:21 Watch Tower
14:18 Fortress
14:21 Watch Tower
14:22 Watch Tower
14:22 Watch Tower
14:23 Watch Tower
14:23 Watch Tower
14:24 Watch Tower
14:24 Watch Tower
14:29 War Mill
17:42 Great Hall
17:50 Watch Tower
17:51 Watch Tower
17:51 Watch Tower
17:51 Watch Tower
17:53 Watch Tower
17:54 Watch Tower
17:56 Watch Tower
20:13 Orc Burrow
20:17 Orc Burrow
20:53 Watch Tower
20:54 Watch Tower
20:55 Watch Tower
21:00 Beastiary
21:01 Beastiary
21:02 Beastiary
21:08 Beastiary
24:16 Orc Burrow
24:49 War Mill
» items
| Healing Salve | 10 | |
| Boots of Speed | 1 | |
| Potion of Healing | 2 | |
| Scroll of Town Portal | 2 | |
| Orb of Lightning | 1 | |
| Staff of Teleportation | 2 | |
18 total
Erysipelas (
pink | 29 APM | 1166 actions | 39:39)
6 Keeper of the Grove
3 Thorns Aura
2 Entangling Roots
1 Tranquility
» actions
| Basic commands | 22 | |
| Build / train | 59 | |
| Enter build submenu | 14 | |
| Enter hero's abilities submenu | 6 | |
| Remove unit from queue | 3 | |
| Right click | 686 | |
| Select / deselect | 286 | |
| Use ability | 90 | |
1166 total
» units
| Wisp | 16 | |
| Archer | 5 | |
| Huntress | 5 | |
| Druid of the Claw | 7 | |
| Mountain Giant | 2 | |
35 total
» upgrades
| Strength of the Wild | 3 | |
| Reinforced Hides | 3 | |
| Druid of the Claw Training | 2 | |
| Mark of the Claw | 1 | |
| Ultravision | 1 | |
| Hardened Skin | 1 | |
| Resistant Skin | 1 | |
12 total
» buildings
| Altar of Elders | 1 | |
| Moon Well | 9 | |
| Ancient of War | 1 | |
| Hunter's Hall | 1 | |
| Tree of Ages | 1 | |
| Ancient Protector | 1 | |
| Ancient of Lore | 2 | |
| Tree of Eternity | 1 | |
| Ancient of Wonders | 1 | |
| Tree of Life | 2 | |
20 total
» build order
00:05 Altar of Elders
00:06 Moon Well
00:25 Ancient of War
02:02 Moon Well
02:06 Moon Well
03:00 Moon Well
03:05 Hunter's Hall
04:12 Moon Well
04:15 Moon Well
05:51 Tree of Ages
06:23 Ancient Protector
09:01 Ancient of Lore
09:04 Ancient of Lore
11:34 Tree of Eternity
16:28 Moon Well
16:28 Moon Well
16:30 Moon Well
23:39 Ancient of Wonders
24:23 Tree of Life
26:20 Tree of Life
team 2 (winner)
p3n1sINurbutt (
blue | 72 APM | 1420 actions | 19:35)
4 Keeper of the Grove
2 Force of Nature
2 Entangling Roots
» actions
| Assign group hotkey | 36 | |
| Basic commands | 22 | |
| Build / train | 44 | |
| Enter build submenu | 11 | |
| Enter hero's abilities submenu | 4 | |
| Give item / drop item | 1 | |
| Remove unit from queue | 2 | |
| Right click | 565 | |
| Select / deselect | 294 | |
| Select group hotkey | 381 | |
| Use ability | 60 | |
1420 total
» units
| Wisp | 12 | |
| Glaive Thrower | 8 | |
| Huntress | 10 | |
| Archer | 1 | |
31 total
» upgrades
| Strength of the Moon | 1 | |
| Moon Armor | 1 | |
| Vorpal Blades | 1 | |
| Sentinel | 1 | |
4 total
» buildings
| Altar of Elders | 1 | |
| Moon Well | 5 | |
| Hunter's Hall | 1 | |
| Ancient of War | 3 | |
| Tree of Ages | 1 | |
11 total
» build order
00:12 Altar of Elders
00:22 Moon Well
01:24 Hunter's Hall
01:35 Moon Well
02:09 Ancient of War
02:54 Ancient of War
03:00 Moon Well
05:15 Moon Well
06:18 Moon Well
08:34 Ancient of War
11:24 Tree of Ages
» items
Blood_Shell (
red | 28 APM | 575 actions | 20:35)
4 Keeper of the Grove
2 Entangling Roots
2 Force of Nature
» actions
| Assign group hotkey | 6 | |
| Basic commands | 25 | |
| Build / train | 55 | |
| Enter build submenu | 13 | |
| Enter hero's abilities submenu | 4 | |
| Right click | 277 | |
| Select / deselect | 155 | |
| Select group hotkey | 1 | |
| Use ability | 39 | |
575 total
» units
| Wisp | 12 | |
| Archer | 23 | |
| Hippogryph | 5 | |
40 total
» upgrades
| Strength of the Moon | 2 | |
| Moon Armor | 1 | |
| Hippogryph Taming | 1 | |
| Improved Bows | 1 | |
5 total
» buildings
| Altar of Elders | 1 | |
| Moon Well | 6 | |
| Ancient of War | 2 | |
| Ancient of Wonders | 1 | |
| Hunter's Hall | 1 | |
| Tree of Ages | 1 | |
| Ancient of Wind | 2 | |
14 total
» build order
00:20 Altar of Elders
00:34 Moon Well
00:49 Ancient of War
01:38 Ancient of Wonders
01:51 Moon Well
02:37 Hunter's Hall
03:17 Moon Well
04:14 Moon Well
05:19 Moon Well
05:20 Tree of Ages
06:22 Moon Well
08:40 Ancient of Wind
08:43 Ancient of Wind
08:49 Ancient of War
» items
| Dust of Appearance | 1 | |
| Potion of Healing | 1 | |
| Scroll of Town Portal | 2 | |
4 total
Dead-sheppard. (
orange | 58 APM | 2446 actions | 42:00)
6 Dark Ranger
3 Black Arrow
2 Silence
1 Charm
3 Shadow Hunter
1 Hex
2 Healing Wave
» actions
| Assign group hotkey | 35 | |
| Basic commands | 16 | |
| Build / train | 67 | |
| Enter build submenu | 27 | |
| Enter hero's abilities submenu | 10 | |
| Give item / drop item | 3 | |
| Remove unit from queue | 1 | |
| Right click | 1192 | |
| Select / deselect | 303 | |
| Select group hotkey | 709 | |
| Use ability | 83 | |
2446 total
» units
| Peon | 17 | |
| Grunt | 4 | |
| Wind Rider | 5 | |
| Tauren | 1 | |
| Wisp | 6 | |
| Raider | 2 | |
35 total
» upgrades
| Ranged Weapons | 2 | |
| Reinforced Defenses | 1 | |
| Envenomed Spears | 1 | |
| Armor | 2 | |
| Melee Weapons | 3 | |
| Pulverize | 1 | |
| Ensnare | 1 | |
11 total
» buildings
| Altar of Storms | 1 | |
| Orc Burrow | 7 | |
| Barracks | 1 | |
| Voodoo Lounge | 1 | |
| Stronghold | 1 | |
| War Mill | 1 | |
| Watch Tower | 29 | |
| Fortress | 1 | |
| Beastiary | 2 | |
| Tauren Totem | 2 | |
| Tree of Life | 1 | |
| Great Hall | 1 | |
48 total
» build order
00:09 Altar of Storms
00:19 Orc Burrow
00:37 Barracks
01:22 Orc Burrow
01:56 Voodoo Lounge
03:00 Stronghold
03:39 War Mill
04:09 Orc Burrow
04:49 Orc Burrow
05:33 Watch Tower
05:34 Watch Tower
05:36 Watch Tower
05:37 Watch Tower
06:04 Watch Tower
06:05 Watch Tower
06:29 Fortress
07:34 Beastiary
07:38 Beastiary
07:41 Orc Burrow
08:39 Orc Burrow
09:27 Watch Tower
09:27 Watch Tower
09:29 Watch Tower
10:11 Orc Burrow
10:17 Watch Tower
10:19 Watch Tower
12:37 Watch Tower
13:39 Watch Tower
13:39 Watch Tower
13:43 Watch Tower
16:42 Watch Tower
16:43 Watch Tower
16:44 Watch Tower
16:45 Watch Tower
16:45 Watch Tower
17:35 Watch Tower
17:35 Watch Tower
19:17 Watch Tower
19:18 Watch Tower
19:18 Watch Tower
19:18 Watch Tower
20:23 Tauren Totem
20:28 Tauren Totem
20:42 Watch Tower
20:42 Watch Tower
32:32 Tree of Life
37:26 Great Hall
» items
| Staff of Teleportation | 1 | |
| Potion of Lesser Invulnerability | 1 | |
| Healing Salve | 1 | |
| Scroll of Town Portal | 2 | |
| Orb of Lightning | 1 | |
6 total
cameloman (
purple | 32 APM | 666 actions | 21:03)
3 Crypt Lord
2 Carrion Beetles
1 Spiked Carapace
» actions
| Assign group hotkey | 7 | |
| Basic commands | 12 | |
| Build / train | 54 | |
| Enter build submenu | 11 | |
| Enter hero's abilities submenu | 3 | |
| Right click | 339 | |
| Select / deselect | 215 | |
| Select group hotkey | 2 | |
| Use ability | 23 | |
666 total
» units
| Acolyte | 8 | |
| Ghoul | 4 | |
| Crypt Fiend | 9 | |
| Gargoyle | 15 | |
36 total
» upgrades
| Creature Attack | 3 | |
| Creature Carapace | 2 | |
| Web | 1 | |
| Stone Form | 1 | |
7 total
» buildings
| Crypt | 2 | |
| Ziggurat | 5 | |
| Altar of Darkness | 1 | |
| Graveyard | 1 | |
| Spirit Tower | 5 | |
| Halls of the Dead | 1 | |
| Tomb of Relics | 1 | |
| Black Citadel | 1 | |
17 total
» build order
00:13 Crypt
00:15 Ziggurat
00:26 Altar of Darkness
01:20 Graveyard
01:43 Ziggurat
03:13 Ziggurat
06:03 Spirit Tower
06:05 Spirit Tower
07:33 Spirit Tower
07:38 Ziggurat
09:43 Spirit Tower
09:51 Halls of the Dead
11:35 Tomb of Relics
11:48 Ziggurat
12:51 Black Citadel
13:27 Spirit Tower
16:05 Crypt
Chat log
(00:11 / Allies) Blood_Shell: wind riders
(00:29 / Allies) Dead-sheppard.: wyverns here
(01:08 / Allies) Blood_Shell: blue who units bro
(01:14 / Allies) p3n1sINurbutt: throws
(01:19 / Allies) Blood_Shell: really
(01:25 / Allies) p3n1sINurbutt: yes
(01:57 / Allies) p3n1sINurbutt: is there somethign wrong/
(02:03 / Allies) Blood_Shell: no
(02:24 / All) Khanate: That means he was smart
(02:30 / Allies) Dead-sheppard.: woood
(05:00 / Allies) Blood_Shell: wtf orange
(05:04 / Allies) Blood_Shell: give me item
(05:12 / Allies) Dead-sheppard.: relax man
(05:13 / Allies) Dead-sheppard.: jesus
(05:38 / Allies) p3n1sINurbutt: i suggest
(05:40 / Allies) p3n1sINurbutt: u repair
(05:41 / Allies) p3n1sINurbutt: asap
(05:46 / Allies) p3n1sINurbutt: repair
(05:48 / All) Khanate: creep drop just fucked me
(05:57 / All) Khanate: wasted 125 gold
(06:14 / Allies) Blood_Shell: i coming
(06:19 / Allies) p3n1sINurbutt: counter
(06:24 / Allies) Blood_Shell: ya now
(06:46 / Allies) p3n1sINurbutt: protect my throwes
(06:50 / Allies) Dead-sheppard.: wp
(06:51 / Allies) Dead-sheppard.: wood
(07:05 / Allies) Dead-sheppard.: WOOD
(07:08 / Allies) Dead-sheppard.: WOOD
(07:08 / Allies) Dead-sheppard.: WOOD
(08:20 / Allies) p3n1sINurbutt: imb
(08:21 / Allies) p3n1sINurbutt: oj
(08:22 / Allies) p3n1sINurbutt: hit
(08:26 / Allies) p3n1sINurbutt: wtf
(08:27 / Allies) p3n1sINurbutt: u doin
(08:28 / Allies) p3n1sINurbutt: lol
(09:09 / Allies) Blood_Shell: play solo orange
(09:32 / Allies) Dead-sheppard.: gold
(09:35 / Allies) Blood_Shell: back purp
(09:50 / All) dlwffl99: good owlie
(09:55 / Allies) Dead-sheppard.: lets
(09:57 / Allies) Dead-sheppard.: rape green green
(10:31 / Allies) Blood_Shell: tp all now
(10:38 / Allies) Dead-sheppard.: use ur fiends
(10:39 / Allies) Dead-sheppard.: purp
(10:41 / Allies) p3n1sINurbutt: playw ith em
(10:41 / Allies) p3n1sINurbutt: fuck
(10:42 / Allies) p3n1sINurbutt: purple
(10:52 / Allies) Blood_Shell: mmovw your spiders purp idiot
(13:12 / Allies) p3n1sINurbutt: no web
(13:13 / Allies) p3n1sINurbutt: rly?
(13:21 / Allies) Blood_Shell: fuck purp noob idiot
(14:19 / Allies) Blood_Shell: really
(14:34 / Allies) p3n1sINurbutt: ima tk
(14:35 / Allies) p3n1sINurbutt: ina sec
(14:39 / Allies) Dead-sheppard.: ok lets hit
(14:40 / Allies) Dead-sheppard.: green
(14:40 / Allies) p3n1sINurbutt: if u buidl 1 more fuckign tower
(15:19 / Allies) p3n1sINurbutt: wyuta nub
(15:19 / Allies) Blood_Shell: purp idiot back omg suck noob
(15:22 / Allies) Dead-sheppard.: lets hit
(15:26 / All) p3n1sINurbutt: fuck these noob ass teammates
(15:27 / Allies) p3n1sINurbutt: fuck u oj
(15:33 / All) JesusWasAFag: we have green
(15:35 / All) JesusWasAFag: so we're even
(15:39 / All) p3n1sINurbutt: oj
(15:41 / All) p3n1sINurbutt: has
(15:43 / All) p3n1sINurbutt: 20 tower
(15:43 / All) p3n1sINurbutt: Stfu
(15:46 / All) p3n1sINurbutt: its 2v4
(15:51 / All) p3n1sINurbutt: either way gg
(15:52 / All) JesusWasAFag: green has no towers and no skill
(15:53 / All) JesusWasAFag: pwned
(15:55 / All) Dead-sheppard.: fail stab
(15:56 / All) Dead-sheppard.: its not gg
(15:57 / All) p3n1sINurbutt: not lettign this faggoit win
(15:57 / All) Dead-sheppard.: blue
(15:58 / All) Erysipelas: lol
(16:00 / All) Dead-sheppard.: i decide who wins
(16:05 / Allies) p3n1sINurbutt: nah u dsont
(16:08 / Allies) p3n1sINurbutt: enjoy ur 1v4
(16:12 / Allies) Dead-sheppard.: i have sspy on other team
(16:14 / Allies) Dead-sheppard.: fool
(16:16 / Allies) Dead-sheppard.: i decide who wins
(16:17 / Allies) Dead-sheppard.: and loses
(16:30 / Allies) p3n1sINurbutt: blocked,.
(16:34 / Allies) p3n1sINurbutt: blocked.*
(17:04 / Allies) Blood_Shell: fcuk noob idiot
(17:06 / Allies) Dead-sheppard.: lawl
(17:09 / Allies) Dead-sheppard.: lets hit
(17:15 / Allies) cameloman: porraaaaaaaaaaa
(17:22 / Allies) p3n1sINurbutt: idk which1 worse red
(17:22 / Allies) Blood_Shell: vai te fuder otario
(17:25 / Allies) p3n1sINurbutt: oj or purple
(17:28 / Allies) Blood_Shell: ce e ruim demais
(17:29 / Allies) p3n1sINurbutt: purple actually made units for the rush
(17:33 / Allies) p3n1sINurbutt: but sucks at control
(17:44 / Allies) cameloman: poraaaaaaaa
(17:45 / Allies) p3n1sINurbutt: oj was buys sucking his dads cawk
(17:49 / Allies) p3n1sINurbutt: so he just made towers
(17:49 / Allies) cameloman: babaca
(17:55 / Allies) Blood_Shell: filho da puta
(18:02 / Allies) p3n1sINurbutt: jaja
(18:05 / Allies) cameloman: vai dar o cú
(18:08 / Allies) Blood_Shell: aprende a jogar seu ordinario
(18:17 / Allies) cameloman: nerd fdp
(18:26 / All) p3n1sINurbutt: anyways gg ez win if these faggots knew how 2 play
(18:27 / Allies) cameloman: ganha aew sozinho
(18:41 / Allies) Blood_Shell: perdemos seu filho da puta
(18:45 / Allies) cameloman: vou te ajudar
(19:17 / All) Erysipelas: suicide is gay
(19:22 / Allies) Dead-sheppard.: like i said
(19:23 / All) p3n1sINurbutt: well watsing my time
(19:23 / Allies) cameloman: mata alguem pra tu ter prazer
(19:23 / Allies) Dead-sheppard.: guys
(19:26 / Allies) Dead-sheppard.: i have a spy on other team
(19:27 / All) p3n1sINurbutt: tryign 2 wina game that can tbe won
(19:29 / All) p3n1sINurbutt: is gay
(19:31 / All) p3n1sINurbutt: gg
(19:33 / Allies) Dead-sheppard.: ITS NOT GG
(19:34 / Allies) Dead-sheppard.: FOOL
(19:36 / Allies) Dead-sheppard.: I HAVE A SPY
(19:46 / Allies) cameloman: naum deve ter buceta pra comer dar nissu
(19:49 / Allies) cameloman: hauhauhau
(19:59 / Allies) cameloman: pra mim eh só um jogo
(20:37 / Allies) cameloman: morre aew filhao
(23:09 / All) Khanate: Wood me green, now.
(23:57 / All) Khanate: Wood hoarder
(24:05 / All) Dead-sheppard.: leave fags lalw
(24:11 / All) Erysipelas: lol ...
(25:59 / All) Dead-sheppard.: teal can u leave faggot
(26:00 / All) Dead-sheppard.: u suck
(26:14 / All) Erysipelas: he wont cause we won
(26:18 / All) JesusWasAFag: that really hurt
(26:21 / All) JesusWasAFag: take that back
(26:21 / All) Dead-sheppard.: really u won?
(26:26 / All) Khanate: Once we take care of green you'r next
(26:35 / All) Dead-sheppard.: ur 13-11 teal that is horrible
(26:44 / All) JesusWasAFag: ur mean
(26:48 / All) dlwffl99: yellow is the only one attacking me lol
(26:59 / All) Erysipelas: lol
(26:59 / All) dlwffl99: and yet he says we are taking care of someone lol
(27:04 / All) Erysipelas: i just do giants
(27:07 / All) dlwffl99: that is a bit on the retarted side
(27:48 / All) JesusWasAFag: better hide yo kids oj
(27:54 / All) Dead-sheppard.: attack noob
(27:58 / All) Dead-sheppard.: im gonna rape u and yellow
(28:12 / All) Erysipelas: im coming you sucka!
(29:48 / All) Dead-sheppard.: leave
(29:49 / All) Dead-sheppard.: lawl
(30:47 / All) Dead-sheppard.: leave homos
(31:01 / All) Erysipelas: leave fucker
(31:27 / All) Khanate: Very
(31:55 / All) Dead-sheppard.: leave
(32:40 / All) Dead-sheppard.: leave niggas
(32:46 / All) Dead-sheppard.: ur upset with
(32:46 / All) Dead-sheppard.: u
(32:48 / All) Dead-sheppard.: sucking
(33:01 / All) Khanate: Why would I do that?
(33:31 / All) Khanate: Who says?
(34:40 / All) Dead-sheppard.: bad boy
(34:51 / All) Khanate: I'm on the third team
(35:31 / All) Khanate: Maybe orange is my friend had you ever taken the time to consider that possibility?
(35:33 / All) Dead-sheppard.: IVE PLAYED teal before
(36:41 / All) Dead-sheppard.: leave lawl
(36:48 / All) dlwffl99: no thanks
(36:51 / All) Erysipelas: we wont i want this win lol
(37:01 / All) Erysipelas: YAY xD
(37:04 / All) Erysipelas: REPLAY!
(37:05 / All) Khanate: You do that
(37:12 / All) Dead-sheppard.: i guess u guys want to improve ur 45% records
(37:18 / All) Erysipelas: lol
(37:43 / All) Khanate: You have buildings
(37:43 / All) Dead-sheppard.: one down
(37:45 / All) Dead-sheppard.: 2 to go
(38:07 / All) Khanate: I'm sorry but I just can't do that
(38:17 / All) Khanate: If any on his team had stayed you would have had a chance at victory
(38:34 / All) Khanate: He pwned my hero score apparently
(38:38 / All) Khanate: and is sending the replay right now
(39:09 / All) Dead-sheppard.: i love raping noobs 1v4
(39:14 / All) Dead-sheppard.: u guys didnt have a chance vs me
(39:25 / All) Erysipelas: wow if yellow didn't team killed we won
(39:38 / All) Dead-sheppard.: 4v4 and teamkilling are the same thing, blame yourself
(39:59 / All) Khanate: how do you feel green
(40:10 / All) Khanate: I don't even know why they were saying green sucks
(40:14 / All) Khanate: they were ragging on him all game
(40:16 / All) Khanate: they're no better
(40:30 / All) Khanate: if they had helped him like teal with his archers they probably could have finished off purple's base
(40:31 / All) Dead-sheppard.: i thought that too, couldn tkill his pally in that first battle
(40:40 / All) Dead-sheppard.: red finished purple
(40:47 / All) Dead-sheppard.: blue said he was gonna tk me "if i built one more tower"
(40:48 / All) Khanate: when he rushed with footmen I mean
(40:53 / All) Khanate: lol
(41:42 / All) Khanate: teal squelched me lol
(41:46 / All) Khanate: when I just now tried to reply
(41:55 / All) Dead-sheppard.: blue actually did the same to me